 Dungeon Crawl Stone Soup version 0.19-a0-749-g66ae36b (webtiles) character file.

4433 Implojin the Grappler (level 10, 0/102 HPs)
             Began as a Troll Fighter on June 24, 2016.
             Was an Elder of Okawaru.
             Slain by a red ugly thing (13 damage)
             ... on level 11 of the Dungeon.
             The game lasted 00:09:35 (1804 turns).

Implojin the Grappler (Troll Fighter)               Turns: 1804, Time: 00:09:35

Health: 0/102      AC:  5    Str: 26    XL:     10   Next: 14%
Magic:  7/9        EV: 13    Int:  4    God:    Okawaru [****..]
Gold:   191        SH: 11    Dex: 12    Spells: 0 memorised, 9 levels left

rFire  . . .     SeeInvis .       - Unarmed
rCold  . . .     Gourm    +     a - +0 robe
rNeg   . . .     Faith    +     b - +0 shield
rPois  .         Spirit   .     (helmet restricted)
rElec  .         Dismiss  .     (no cloak)
rCorr  .         Reflect  .     (gloves unavailable)
SustAt .         Harm     .     (boots unavailable)
MR     .....                    A - amulet of faith
Stlth  ++........               (no ring)
                                (no ring)

@: heroism, not resistant to hostile enchantments, unstealthy
A: unfitting armour, claws 3, fast metabolism 3, gourmand, regeneration 2,
shaggy fur 1, tough skin 2
a: Heroism, Renounce Religion


You were on level 11 of the Dungeon.
You worshipped Okawaru.
Okawaru was greatly pleased with you.
You were full.

You visited 2 branches of the dungeon, and saw 13 of its levels.

You collected 191 gold pieces.

Inventory:

Missiles
 y - 7 tomahawks (quivered)
 D - 5 large rocks
Armour
 a - a +0 robe (worn)
 b - a +0 shield (worn)
 v - a +2 robe of magic resistance
Jewellery
 e - a -3 ring of strength
 s - an uncursed amulet of dismissal
 A - an amulet of faith (around neck)
Wands
 q - a wand of flame (13/48)
Scrolls
 g - a scroll of amnesia
 j - 4 scrolls of teleportation
 l - 2 scrolls of remove curse
 m - 2 scrolls of fear
 o - a scroll of enchant weapon {unknown}
 w - a scroll of random uselessness {unknown}
 x - a scroll of enchant armour {unknown}
 C - a scroll of immolation {unknown}
 E - a scroll of holy word {unknown}
 F - 2 scrolls of blinking {unknown}
 G - 3 scrolls of magic mapping {unknown}
Potions
 f - a potion of cure mutation
 h - 3 potions of heal wounds
 i - a potion of invisibility {unknown}
 n - 2 potions of brilliance
 p - a potion of degeneration {unknown}
 r - a potion of agility {unknown}
 B - 2 potions of flight {unknown}
Books
 z - a book of Clouds

   Spells                             Type                      Level
   a - Mephitic Cloud                 Conjuration/Poison/Air       3
   b - Conjure Flame                  Conjuration/Fire             3
   c - Poisonous Cloud                Conjuration/Poison/Air       6
   d - Freezing Cloud                 Conjuration/Ice/Air          6
   e - Ring of Flames                 Charms/Fire                  7
Comestibles
 c - 4 fruits
 d - 8 bread rations
 k - 8 slices of pizza
 t - 3 meat rations
 u - 3 beef jerkies


   Skills:
 * Level 7.2(12.2) Fighting
 - Level 2.4(7.4) Dodging
 - Level 2.4(7.4) Shields
 - Level 12.3(17.3) Unarmed Combat


You had 9 spell levels left.
You didn't know any spells.

Dungeon Overview and Level Annotations

Branches:
Dungeon (12/15)            Temple (1/1) D:5             Orc (0/2) D:10
   Lair: D:8-11

Altars:
Fedhas
Hepliaklqana
Makhleb
Nemelex Xobeh
Okawaru
Qazlal
The Shining One


Innate Abilities, Weirdness & Mutations

You are too large for most types of armour.
You have claws for hands.
Your metabolism is lightning-fast.
You like to eat raw meat.
You heal very quickly.
You are covered in fur. (AC +1)
You have very tough skin. (AC +2)


Message History

Found 23 arrows.
You open the door.
Found an escape hatch in the floor.
There is an open door here.
As you open the door, it creaks loudly!
You hear a horrible gurgling sound!
A red ugly thing comes into view.
There is an open door here.
You gain the combat prowess of a mighty hero.
You block the red ugly thing's attack.
Unknown command.
You barely miss the red ugly thing. The red ugly thing barely misses you.
You mangle the red ugly thing!!
The red ugly thing is moderately wounded.
The red ugly thing pecks you!
You are engulfed in flames!
You scratch the red ugly thing but do no damage.
The red ugly thing is moderately wounded.
You claw the red ugly thing!
The red ugly thing is heavily wounded.
The red ugly thing pecks you.
You are engulfed in flames!
* * * LOW HITPOINT WARNING * * *
You claw the red ugly thing!
The red ugly thing is severely wounded.
The red ugly thing pecks you.
* * * LOW HITPOINT WARNING * * *
You are engulfed in flames!
* * * LOW HITPOINT WARNING * * *
You scratch the red ugly thing.
The red ugly thing is severely wounded.
The red ugly thing pecks you!
* * * LOW HITPOINT WARNING * * *
You are engulfed in flames!
* * * LOW HITPOINT WARNING * * *
You claw the red ugly thing!
The red ugly thing is almost dead.
You barely miss the red ugly thing.
The red ugly thing is almost dead.
The red ugly thing pecks you.
* * * LOW HITPOINT WARNING * * *
You are engulfed in flames!
You die...

# #. #+######## #.
#..>.....#..#
#..#........#..#
#..###......+..#
####....#......#..#
.......@'......#..#
.......u#......#..#
........####...#..#
......... #...'.(##
......... #####...#
...................#####
........................
........................
..............


You could see a red ugly thing.

Vanquished Creatures
  A cyclops (D:11)
  Prince Ribbit (D:7)
  2 wyverns
  A human (D:7)
  A hog (D:7)
  A hippogriff (D:10)
  2 water moccasins
  Duvessa (D:7)
  An orc warrior (D:8)
  A black bear (D:8)
  A sky beast (D:8)
  A phantom (D:5)
  2 ogres
  A necrophage (D:9)
  A crocodile (D:8)
  A centaur (D:7)
  3 giant frogs
  2 wyvern skeletons (D:8)
  A scorpion (D:8)
  Dowan (D:7)
  9 killer bees
  5 wights (D:11)
  2 crimson imps (D:7)
  2 centaur zombies
  A quasit (D:8)
  3 hounds
  A jelly (D:9)
  4 orc priests
  2 giant frog skeletons
  A worker ant (D:7)
  4 orc wizards
  3 sheep (D:7)
  A hound zombie (D:11)
  A hound skeleton (D:7)
  3 gnolls (D:8)
  5 adders
  A shadow imp (D:7)
  An ooze (D:3)
  A dart slug (D:2)
  A giant gecko (D:7)
  16 orcs
  A goblin (D:3)
  2 hobgoblins
  7 jackals
  A kobold (D:3)
  2 quokkas
  4 bats
  A giant gecko skeleton (D:7)
  A giant gecko zombie (D:7)
  A giant newt (D:3)
  4 rats
117 creatures vanquished.

Notes
Turn   | Place    | Note
--------------------------------------------------------------
     0 | D:1      | Implojin the Troll Fighter began the quest for the Orb.
     0 | D:1      | Reached XP level 1. HP: 22/22 MP: 0/0
   150 | D:2      | Reached XP level 2. HP: 27/29 MP: 1/1
   162 | D:2      | Reached skill level 3 in Unarmed Combat
   215 | D:3      | Reached XP level 3. HP: 36/36 MP: 2/2
   232 | D:3      | Reached skill level 4 in Unarmed Combat
   266 | D:3      | Reached XP level 4. HP: 34/44 MP: 3/3
   435 | D:5      | Entered Level 5 of the Dungeon
   435 | D:5      | Found a staircase to the Ecumenical Temple.
   435 | D:5      | Noticed an ogre
   441 | D:5      | Noticed a phantom
   455 | Temple   | Entered the Ecumenical Temple
   492 | Temple   | Became a worshipper of Warmaster Okawaru
   530 | D:5      | Killed an ogre
   530 | D:5      | Reached skill level 5 in Unarmed Combat
   530 | D:5      | Reached XP level 5. HP: 36/50 MP: 4/4
   534 | D:5      | Killed a phantom
   534 | D:5      | Reached * piety under Okawaru
   534 | D:5      | Reached skill level 6 in Unarmed Combat
   616 | D:7      | Noticed Duvessa
   616 | D:7      | Noticed Dowan
   616 | D:7      | Noticed Prince Ribbit
   626 | D:7      | Reached XP level 6. HP: 59/59 MP: 2/5
   701 | D:7      | Reached skill level 7 in Unarmed Combat
   745 | D:7      | Found a blossoming altar of Fedhas.
   750 | D:7      | Reached XP level 7. HP: 62/66 MP: 6/6
   827 | D:7      | Reached skill level 8 in Unarmed Combat
   899 | D:7      | Killed Prince Ribbit
   899 | D:7      | Reached skill level 9 in Unarmed Combat
   906 | D:7      | Noticed a human
   910 | D:7      | Killed Dowan
   912 | D:7      | Killed Duvessa
   912 | D:7      | Reached XP level 8. HP: 49/74 MP: 3/7
   931 | D:7      | Reached skill level 10 in Unarmed Combat
   978 | D:8      | Reached ** piety under Okawaru
  1017 | D:8      | Reached skill level 11 in Unarmed Combat
  1130 | D:8      | Reached XP level 9. HP: 72/80 MP: 6/8
  1142 | D:8      | Reached *** piety under Okawaru
  1165 | D:8      | Reached skill level 12 in Unarmed Combat
  1231 | D:9      | Reached skill level 3 in Fighting
  1243 | D:10     | Entered Level 10 of the Dungeon
  1262 | D:10     | Reached skill level 4 in Fighting
  1303 | D:10     | Reached skill level 5 in Fighting
  1334 | D:10     | Found a staircase to the Orcish Mines.
  1468 | D:8      | Found a sparkling altar of Nemelex Xobeh.
  1563 | D:11     | Noticed a cyclops
  1572 | D:11     | Reached skill level 6 in Fighting
  1582 | D:11     | Killed a cyclops
  1582 | D:11     | Reached **** piety under Okawaru
  1582 | D:11     | Reached XP level 10. HP: 50/100 MP: 4/9
  1764 | D:12     | Reached skill level 7 in Fighting
  1795 | D:11     | Noticed a red ugly thing
  1804 | D:11     | Slain by a red ugly thing

Vault maps used:
D:1:      moated_graveyard_arrival
D:2:      nicolae_overflow_crystal_walls, first_bread
D:3:      old_standard_altar, grunt_qazlal_sundering
D:4:      uniq_sigmund
D:5:      ashenzari_altar_1, overflow_temple_1_default,
          gammafunk_temple_overflow_statue, wad_rectangle_vault
D:6:      overflow_temple_1_default
D:7:      grunt_dithmenos_smoke, lemuel_crystal_altar, grunt_livestock,
          grunt_ministairs_12, uniq_duvessa, uniq_prince_ribbit1
D:8:      lemuel_round_altar, minmay_guarded_unrand_finisher, uniq_maurice
D:9:      lemuel_zombie_altar_yredelemnul, uniq_joseph
D:10:     david_lair_generic, orc_0_dummy, serial_shops, shop, uniq_erolcha
D:11:     st_stairs_3
Temple:   minmay_temple_curvy_loop

Skill      XL: |  1  2  3  4  5  6  7  8  9 10 |
---------------+-------------------------------+-----
Unarmed Combat | 3 4 5 6 7 9 11 12 | 12.3
Fighting       | 6 7 |  7.2
Dodging        | |  2.4
Shields        | |  2.4

Action                   |  1- 3 |  4- 6 |  7- 9 | 10-12 || total
-------------------------+-------+-------+-------+-------++-------
Melee: Unarmed           |    55 |    73 |   196 |    17 ||   341
Invok: Heroism           |       |     2 |    18 |     1 ||    21
  Use: Potion            |       |     1 |       |       ||     1
       Scroll            |       |     2 |     4 |     1 ||     7
 Stab: Sleeping          |       |       |     1 |       ||     1
  Eat: Chunk             |     6 |     6 |     7 |       ||    19
Armor: Robe              |    33 |    20 |    25 |     2 ||    80
Dodge: Dodged            |    39 |    20 |    58 |     2 ||   119
Block: Shield            |    32 |    37 |    80 |     3 ||   152

Table legend:
 A = Turns spent in this place as a percentage of turns spent in the entire game.
 B = Non-inter-level travel turns spent in this place as a percentage of non-inter-level travel turns spent in the entire game.
 C = Inter-level travel turns spent in this place as a percentage of turns spent in this place.
 D = Turns resting spent in this place as a percentage of non-inter-level travel turns spent in this place.
 E = Turns spent auto-exploring this place as a percentage of non-inter-level travel turns spent in this place.
 F = Non-inter-level travel turns spent in this place divided by the number of levels of this place that you've seen.
                   A       B       C       D       E      F
               +-------+-------+-------+-------+-------+----------------------
         Total | 100.0 | 100.0 |   0.0 |   0.0 |   0.0 | 132.9
       Dungeon |  95.9 |  95.9 |   0.0 |   0.0 |   0.0 | 138.1
        Temple |   4.1 |   4.1 |   0.0 |   0.0 |   0.0 |  71.0
               +-------+-------+-------+-------+-------+----------------------

Table legend:
 A = Kills in this place as a percentage of kills in entire the game.
 B = Kills by you in this place as a percentage of kills by you in the entire game.
 C = Kills by friends in this place as a percentage of kills by friends in the entire game.
 D = Other kills in this place as a percentage of other kills in the entire game.
 E = Experience gained in this place as a percentage of experience gained in the entire game.
 F = Experience gained in this place divided by the number of levels of this place that you have seen.
                   A       B       C       D       E      F
               +-------+-------+-------+-------+-------+----------------------
         Total | 100.0 | 100.0 |  -nan |  -nan | 100.0 | 487.2
       Dungeon | 100.0 | 100.0 |  -nan |  -nan | 100.0 | 527.8
               +-------+-------+-------+-------+-------+----------------------
